 Dungeon Crawl Stone Soup version 0.31-a0-152-g6aa68a64a1 (webtiles) character file.

Game seed: 5720213639799538844

611 qw the Skirmisher (level 7, -4/61 HPs)
             Began as a Minotaur Hunter on June 9, 2023.
             Slain by a sky beast (6 damage)
             ... on level 7 of the Dungeon.
             The game lasted 00:01:01 (2766 turns).

qw the Skirmisher (Minotaur Hunter)                 Turns: 2766, Time: 00:01:02

Health: -4/61      AC:  7    Str: 15    XL:     7   Next: 20%
Magic:  6/6        EV: 11    Int:  6    God:
Gold:   51         SH:  0    Dex: 16    Spells: 6/6 levels left

rFire   . . .        Y - +3 shortbow
rCold   . . .        (shield currently unavailable)
rNeg    . . .        f - +0 ring mail
rPois   .            (helmet restricted)
rElec   .            (no cloak)
rCorr   .            a - +1 pair of gloves
SInv    .            (no boots)
Will    .....        (no amulet)
Stlth   +            (no ring)
HPRegen 0.30/turn    (no ring)
MPRegen 0.10/turn

%: no passive effects
@: no status effects
A: horns 2, retaliatory headbutt
a: no special abilities


You were on level 7 of the Dungeon.
You visited 1 branch of the dungeon, and saw 5 of its levels.

You collected 117 gold pieces.
You spent 66 gold pieces at shops.


Innate Abilities, Weirdness & Mutations

You have a pair of horns on your head.
You reflexively headbutt those who attack you in melee.


   Skills:
 - Level 5.3 Fighting
 - Level 8.3 Ranged Weapons
 + Level 1.9 Armour
 - Level 2.1 Dodging
 - Level 0.7 Stealth


You had 6 spell levels left.
You didn't know any spells.
Your spell library was empty.

Inventory:

Hand Weapons
 Y - a +3 shortbow (weapon)
Armour
 a - a +1 pair of gloves (worn)
 f - a +0 ring mail (worn)
Scrolls
 j - 3 scrolls of identify
Potions
 b - a potion of mutation {unknown}
 c - a potion of invisibility {unknown}
 d - a potion of ambrosia {unknown}
 e - 2 potions of curing
 l - a potion of degeneration {unknown}

Dungeon Overview and Level Annotations

Branches:
Dungeon (4/15)
 Temple: D:4-7

Altars:
Nemelex Xobeh
Wu Jian

Shops:
D:1 [   D:3 *


Message History

The sky beast is heavily wounded.
The gnoll bouda hits you but does no damage.
The sky beast barely misses you. You furiously retaliate!
You headbutt the sky beast.
The gnoll hits you from afar with a +0 spear.
The gnoll hits you from afar with a +0 halberd!
2761 ||| DRINKING potion of heal wounds.
You feel much better.
The gnoll bouda hits you with a +0 club.
The sky beast hits you but does no damage.
The gnoll closely misses you.
The gnoll hits you from afar with a +0 halberd.
You shoot an arrow. The arrow hits the sky beast.
The sky beast is severely wounded.
The gnoll bouda hits you with a +0 club!
The sky beast closely misses you. The gnoll closely misses you.
The gnoll completely misses you.
You shoot an arrow. The arrow hits the sky beast.
The sky beast is severely wounded.
The gnoll bouda hits you with a +0 club.
The sky beast closely misses you. The gnoll barely misses you.
The gnoll closely misses you.
You shoot an arrow. The arrow hits the sky beast!
The sky beast is almost dead.
The gnoll bouda hits you but does no damage.
The sky beast barely misses you.
The gnoll hits you from afar with a +0 spear.
The gnoll hits you from afar with a +0 halberd.
You shoot an arrow. The arrow closely misses the sky beast.
The gnoll bouda hits you but does no damage.
The sky beast hits you. The sky beast shocks you.
The gnoll hits you from afar with a +0 spear.
The gnoll hits you from afar with a +0 halberd!
You shoot an arrow. The arrow closely misses the sky beast.
The gnoll is no longer moving quickly.
The gnoll bouda hits you but does no damage.
The sky beast closely misses you.
The gnoll hits you from afar with a +0 spear.
The gnoll barely misses you. The sky beast hits you. The sky beast shocks you.
You die...

..# ..# ........# ###
#.......# ..# ##..#....##
..# . ....>.....# ..##..
..........##
........#........gg.
#..............Yg$# .
.........##.....@# ..
.##......##......#### ...
#.........#.#.......# ....
#..........#######.##.....
##.........##.####........
##.........#.....#..#...#.
...........#..#.....# ..#
.............#......# .#
.............##.##...# #


You could see a sky beast, a gnoll bouda and 2 gnolls.

Vanquished Creatures
  Menkaure (D:7)
  A sky beast (D:7)
  A bullfrog (D:7)
  3 hounds (D:4)
  3 iguanas (D:4)
  A sleepcap (D:7)
  Robin (D:2)
  A gnoll (D:7)
  4 adders
  2 worms (D:2)
  6 orcs
  7 endoplasms
  2 giant cockroaches
  12 goblins
  4 hobgoblins
  7 jackals
  5 ball pythons
  2 bats
  5 kobolds
  5 rats
73 creatures vanquished.

Notes
Turn   | Place    | Note
-------+----------+-------------------------------------------
     0 | D:1      | qw the Minotaur Hunter began the quest for the Orb.
     0 | D:1      | Reached XP level 1. HP: 18/18 MP: 0/0
     0 | D:1      | 0 ||| qw: Version: 0.2-a-121-gba3a3e5
     0 | D:1      | 0 ||| qw: Game counter: 3191
     0 | D:1      | 0 ||| qw: Always use a shield: true
     0 | D:1      | 0 ||| qw: God list: Okawaru
     0 | D:1      | 0 ||| qw: Allow faded altars: false
     0 | D:1      | 0 ||| qw: Do Orc after D:15 true
     0 | D:1      | 0 ||| qw: Do second Lair branch before Depths: true
     0 | D:1      | 0 ||| qw: Lair rune preference: random
     0 | D:1      | 0 ||| qw: Plans: Normal
     0 | D:1      | 0 ||| PLANNING D:1-11
    22 | D:1      | Found Ymeder's Antique Armour Emporium.
    26 | D:1      | 26 ||| SHOPLISTING brightly glowing cloak (266 gold, have
                  | 12).
    26 | D:1      | 26 ||| SHOPLISTING cloak (126 gold, have 12).
    26 | D:1      | 26 ||| SHOPLISTING ring mail (112 gold, have 12).
    26 | D:1      | 26 ||| SHOPLISTING runed robe (103 gold, have 12).
    26 | D:1      | 26 ||| SHOPLISTING warped ring mail (252 gold, have 12).
   207 | D:1      | Reached XP level 2. HP: 25/25 MP: 1/1
   403 | D:1      | 403 ||| READING scroll labelled LATTUT ZYPOLU.
   404 | D:1      | 404 ||| READING scroll labelled KELORPH FIAMAI.
   505 | D:1      | 505 ||| DROPPING scroll of butterflies.
   550 | D:2      | Reached skill level 5 in Ranged Weapons
  1005 | D:2      | Reached skill level 3 in Fighting
  1149 | D:2      | Reached XP level 3. HP: 31/31 MP: 2/2
  1150 | D:2      | Found a faded altar of an unknown god.
  1157 | D:2      | 1157 ||| Stepping ~*~*~tactically~*~*~ (water).
  1189 | D:2      | 1189 ||| UPGRADING to +0 pair of gloves.
  1194 | D:2      | 1194 ||| UPGRADING to +0 ring mail.
  1204 | D:2      | 1204 ||| DROPPING +0 leather armour.
  1205 | D:2      | 1205 ||| READING scroll of enchant armour.
  1205 | D:2      | 1205 ||| ENCHANTING +0 pair of gloves.
  1206 | D:2      | 1206 ||| READING scroll labelled PICETE SOGEON.
  1210 | D:2      | 1210 ||| READING scroll labelled VEK IBBEJEUGA.
  1211 | D:2      | 1211 ||| READING 2 scrolls labelled FUIMUD FOPSA.
  1212 | D:2      | 1212 ||| DRINKING 2 bubbling red potions.
  1213 | D:2      | 1213 ||| DRINKING 2 fizzy amethyst potions.
  1214 | D:2      | 1214 ||| DRINKING 2 smoky cyan potions.
  1243 | D:2      | 1243 ||| DROPPING potion of lignification.
  1269 | D:3      | Noticed Robin
  1271 | D:3      | 1271 ||| STAIRDANCE
  1277 | D:2      | Reached skill level 1 in Armour
  1293 | D:3      | 1293 ||| STAIRDANCE
  1354 | D:3      | 1354 ||| STAIRDANCE
  1356 | D:2      | Killed Robin
  1508 | D:3      | Reached XP level 4. HP: 38/38 MP: 3/3
  1515 | D:3      | Found Caqay's Assorted Antiques.
  1534 | D:3      | 1534 ||| BUYING purple potion (20 gold).
  1534 | D:3      | Bought a purple potion for 20 gold pieces
  1534 | D:3      | 1534 ||| BUYING scroll labelled EREOFA OFREI (23 gold).
  1534 | D:3      | Bought a scroll labelled EREOFA OFREI for 23 gold pieces
  1534 | D:3      | 1534 ||| BUYING scroll labelled SOCSIE CIASH (23 gold).
  1534 | D:3      | Bought a scroll labelled SOCSIE CIASH for 23 gold pieces
  1534 | D:3      | 1534 ||| SHOPLISTING scroll labelled WANUS IRYUQAK (23
                  | gold, have 22).
  1534 | D:3      | 1534 ||| SHOPLISTING scroll labelled ZENAED QAPOPH (23
                  | gold, have 22).
  1564 | D:3      | Found an ornate altar of the Wu Jian Council.
  1666 | D:3      | 1666 ||| READING 2 scrolls of enchant weapon.
  1666 | D:3      | 1666 ||| ENCHANTING +1 shortbow.
  1667 | D:3      | 1667 ||| READING scroll of enchant weapon.
  1667 | D:3      | 1667 ||| ENCHANTING +2 shortbow.
  2072 | D:3      | Noticed a black bear
  2094 | D:3      | 2094 ||| DROPPING amulet of magic regeneration.
  2095 | D:3      | 2095 ||| READING scroll labelled EREOFA OFREI.
  2096 | D:3      | 2096 ||| READING scroll labelled SOCSIE CIASH.
  2097 | D:3      | 2097 ||| READING 2 scrolls of identify.
  2097 | D:3      | 2097 ||| IDENTIFYING glowing clear potion
  2098 | D:3      | 2098 ||| DROPPING potion of enlightenment.
  2158 | D:4      | Reached skill level 6 in Ranged Weapons
  2220 | D:4      | Reached XP level 5. HP: 46/46 MP: 4/4
  2266 | D:4      | Reached skill level 7 in Ranged Weapons
  2331 | D:4      | Reached XP level 6. HP: 21/52 MP: 5/5
  2402 | D:4      | 2402 ||| FLEEEEING.
  2407 | D:4      | 2407 ||| STAIRDANCE
  2502 | D:4      | Found a sparkling altar of Nemelex Xobeh.
  2571 | D:4      | You fall into a shaft and drop 3 floors!
  2589 | D:7      | Noticed a sky beast
  2596 | D:7      | Killed a sky beast
  2597 | D:7      | Reached skill level 8 in Ranged Weapons
  2646 | D:7      | Noticed Menkaure
  2649 | D:7      | Killed Menkaure
  2650 | D:7      | Reached XP level 7. HP: 37/61 MP: 6/6
  2760 | D:7      | HP: 10/61 [gnoll/+0 halberd[a gnoll bouda] (10)]
  2761 | D:7      | 2761 ||| DRINKING potion of heal wounds.
  2765 | D:7      | HP: 13/61 [sky beast (6)]
  2765 | D:7      | HP: 5/61 [gnoll/+0 halberd[a gnoll bouda] (7)]
  2766 | D:7      | HP: 2/61 [sky beast (1)]
  2766 | D:7      | Slain by a sky beast

Levels and vault maps discovered:
D:1:      sevenhm_arrival_forest_fort_small_3, layout_basic, serial_shops, shop,
          chequers_arboretum, chequers_serial_rivers_micro_e
D:2:      layout_basic, chequers_ecumenical_altar_island
D:3:      layout_basic, nzn_wu_jian_contemplation, serial_shops, shop,
          lightli_corner_chamber, uniq_robin
D:4:      nicolae_BIG_FREAKIN_CUBE, layout_rooms, lemuel_doored_altar,
          ebering_ghost_inner_flame, serial_forest,
          infiniplex_forest_clump_large, infiniplex_forest_clump_curved,
          infiniplex_forest_clump_long, infiniplex_forest_clump_small,
          infiniplex_forest_end_2, infiniplex_forest_end_1,
          infiniplex_forest_side_room
D:7:      layout_cave_pools, zin_purify, minivault_11, uniq_pikel, uniq_menkaure

Skill      XL: |  1  2  3  4  5  6 |
---------------+-------------------+-----
Ranged Weapons | 5 6 7 8 |  8.3
Fighting       | 3 4 5 |  5.3
Armour         | 1 |  1.9
Dodging        | |  2.1
Stealth        | |  0.7

Action                     |  1- 3 |  4- 6 |  7- 9 || total
---------------------------+-------+-------+-------++-------
   Fire: Shortbow          |    80 |    92 |    20 ||   192
    Use: Scroll            |     6 |     5 |       ||    11
         Potion            |     3 |       |     1 ||     4
 Armour: Ring mail         |    30 |    17 |    11 ||    58
  Dodge: Dodged            |    39 |    15 |    21 ||    75

Table legend:
 A = Non-vault XP
 B = Vault XP
 C = Vault XP percentage of total XP
 D = Non-vault monster count
 E = Vault monster count
 F = Vault count percentage of total count
                 A         B        C        D         E       F
            +---------+---------+-------+---------+---------+-------
      Total |     652 |     221 |  25.3 |      59 |      14 |  19.2
            +---------+---------+-------+---------+---------+-------
        D:1 |      14 |       0 |   0.0 |       8 |       0 |   0.0
        D:2 |      35 |      30 |  46.2 |      10 |       9 |  47.4
        D:3 |      22 |       8 |  26.7 |      14 |       4 |  22.2
        D:4 |     305 |       0 |   0.0 |      22 |       0 |   0.0
        D:7 |     276 |     183 |  39.9 |       5 |       1 |  16.7
            +---------+---------+-------+---------+---------+-------
